 Dungeon Crawl Stone Soup version 0.27.1-33-g824d729ab1 (webtiles) character file.

Game seed: 2673986614980901441

688 spaced the Covert (level 7, -1/40 HPs)
             Began as a Vampire Brigand on Dec 1, 2021.
             Was a Follower of Dithmenos.
             Shot with an arrow by a centaur (7 damage)
             ... on level 5 of the Dungeon.
             The game lasted 00:24:17 (5736 turns).

spaced the Covert (Vampire Brigand)                 Turns: 5736, Time: 00:24:18

Health: -1/40      AC:  9    Str: 10    XL:     7   Next: 36%
Magic:  0/16       EV: 11    Int: 14    God:    Dithmenos [*.....]
Gold:   239        SH:  0    Dex: 17    Spells: 6/6 levels left

rFire    . . .     SeeInvis +   q - +1 short sword (speed)
rCold    + + .     Faith    .   (no shield)
rNeg     + + +     Spirit   +   u - +1 ring mail "Hohiusch" {rElec MP+9 SInv Stlth+}
rPois    ∞         Reflect  .   A - +0 helmet
rElec    +         Harm     .   c - +0 cloak
rCorr    .         Rampage  .   t - +0 pair of gloves
Will     +....                  (no boots)
Stlth    ++++++++..             B - amulet of guardian spirit
HPRegen  0.00/turn              l - ring of willpower
MPRegen  0.15/turn              (no ring)

@: about to teleport, bloodless, inhibited regen, wreathed by umbra
A: bloodless, fangs 3, see invisible, vampiric 2
a: Bat Form, Revivify, Renounce Religion


You were on level 5 of the Dungeon.
You worshipped Dithmenos.
Dithmenos was aware of your devotion.
You visited 2 branches of the dungeon, and saw 6 of its levels.

You collected 239 gold pieces.

Inventory:

Hand Weapons
 a - a +2 dagger
 j - a +2 dagger of venom
 q - a +1 short sword of speed (weapon)
 y - a +2 hunting sling of freezing
Missiles
 d - 14 poisoned darts (quivered)
 e - 2 curare-tipped darts
 n - a throwing net
Armour
 b - a +0 robe
 c - a +0 cloak (worn)
 h - a +0 scale mail
 m - a +0 leather armour
 t - a +0 pair of gloves (worn)
 u - the +1 ring mail "Hohiusch" (worn) {rElec MP+9 SInv Stlth+}
   (You found it on level 4 of the Dungeon)

   rElec:     It insulates you from electricity.
   MP:        It affects your magic capacity (+9).
   SInv:      It lets you see invisible.
   Stlth:     It makes you more stealthy.
 w - a +0 buckler
 A - a +0 helmet (worn)
Jewellery
 l - a ring of willpower (left hand)
 B - an amulet of guardian spirit (around neck)
Wands
 r - a wand of polymorph (8)
Scrolls
 k - 3 scrolls of fog
 s - 2 scrolls of identify
 v - a scroll of noise {unknown}
 x - a scroll of teleportation
Potions
 f - a potion of attraction
 g - 2 potions of flight {unknown}
 i - a potion of curing {unknown}
 o - a potion of degeneration {unknown}
 p - a potion of lignification
 z - a potion of brilliance {unknown}


   Skills:
 + Level 2.5 Fighting
 + Level 4.5 Short Blades
 + Level 2.4 Throwing
 + Level 2.0 Armour
 + Level 2.1 Dodging
 + Level 10.4 Stealth


You had 6 spell levels left.
You didn't know any spells.
Your spell library contained the following spells:

 Spells                   Type           Power      Damage    Failure   Level
 Corpse Rot               Necr/Air       N/A        N/A       73%         2
 Poisonous Vapours        Pois/Air       0%         N/A       73%         2
 Gell's Gravitas          Tloc           0%         N/A       91%         3
 Lesser Beckoning         Tloc           0%         N/A       91%         3
 Teleport Other           Tloc           0%         N/A       91%         3
 Freezing Cloud           Conj/Ice/Air   0%         6-21      100%        5


Dungeon Overview and Level Annotations

Branches:
Dungeon (5/15)             Temple (1/1) D:4

Altars:
Ashenzari
Cheibriados
Dithmenos
Elyvilon
Fedhas
Gozag
Hepliaklqana
Kikubaaqudgha
Makhleb
Nemelex Xobeh
Okawaru
Ru
Trog
Vehumet
Wu Jian
Xom
Yredelemnul
The Shining One


Innate Abilities, Weirdness & Mutations

You do not regenerate when monsters are visible.
You are frail without blood (-20% HP).
You can heal yourself when you bite living creatures.
You are immune to poison.
You have razor-sharp teeth.
You have supernaturally acute eyesight. (SInv)
You are afflicted with vampirism and can become a bat while bloodless.


Message History

The orc wizard is heavily wounded.
The orc wizard hits you but does no damage.
You closely miss the orc wizard.
The orc wizard is heavily wounded.
You hit the orc wizard.
The orc wizard is almost dead.
The orc wizard hits you but does no damage.
You hit the orc wizard but do no damage.
The orc wizard is almost dead.
The orc wizard hits you with a +0 dagger.
You closely miss the orc wizard.
The orc wizard is almost dead.
You miss the orc wizard.
The orc wizard is almost dead.
The orc wizard points at you and mumbles some strange words.
You are confused.
You closely miss the orc wizard.
The orc wizard is almost dead.
You're too confused to move!
The orc wizard hits you but does no damage.
You're too confused to move!
The orc wizard hits you with a +0 dagger.
You hit the orc wizard.
The orc wizard is almost dead.
The orc wizard hits you but does no damage.
The orc wizard hits you with a +0 dagger.
You bump into the rock wall.
The orc wizard points at you and mumbles some strange words.
The magic dart hits you!
The orc wizard gestures at you while chanting.
The puff of flame hits you.
You bump into the rock wall.
You feel less confused. The orc wizard casts a spell at you.
The puff of flame hits you!
* * * LOW HITPOINT WARNING * * *
As you read the scroll labelled OGAPHU OS FAHA, it crumbles to dust.
You feel strangely unstable.
It was a scroll of teleportation.
The centaur shoots an arrow.
The arrow hits you!
You die...

#( ###.'.....# #.###
##.####...#.....# #....
#.c...#...#.###'########.#
#..##.#...#.##........<#.#
#^(.#.#...'.##...#######.#
#((#.#...####...........#
####+##..).#...#
###.#########
#.........Zc...# #.#
#........###o.@#
#.######### #.......##
##### #.....(....
#.......# ###########
###.......# #....
..........# #.###
...#+#'#### #.### ##.#.#.#
#.... .#.....# #####
.#.#.###


You could see a centaur, an orc wizard and a water moccasin skeleton.

Vanquished Creatures
  An ogre (D:5)
  A phantom (D:4)
  A scorpion (D:5)
  A howler monkey (D:5)
  2 jellies (D:5)
  A centaur zombie (D:5)
  A hound (D:4)
  Ijyb (D:3)
  2 iguanas
  An orc wizard (D:5)
  A hound skeleton (D:4)
  4 gnolls (D:2)
  A howler monkey skeleton (D:4)
  4 adders
  A white imp (D:4)
  An adder skeleton (D:4)
  4 worms
  4 dart slugs
  4 orcs
  10 ball pythons
  6 endoplasms
  3 giant cockroaches
  4 goblins
  5 hobgoblins
  4 jackals (D:5)
  3 quokkas
  9 bats
  3 frilled lizards
  3 kobolds
  6 rats
92 creatures vanquished.

Notes
Turn   | Place    | Note
-------+----------+-------------------------------------------
     0 | D:1      | spaced the Vampire Brigand began the quest for the Orb.
     0 | D:1      | Reached XP level 1. HP: 16/16 MP: 1/1
    66 | D:1      | Reached skill level 6 in Stealth
   122 | D:1      | Reached XP level 2. HP: 14/17 MP: 2/2
  1163 | D:2      | You fall into a shaft and drop 1 floor!
  1196 | D:3      | Reached skill level 7 in Stealth
  1276 | D:2      | Gained mutation: You are afflicted with vampirism and can
                  | become a bat while bloodless. [Vampire growth]
  1276 | D:2      | Reached XP level 3. HP: 21/21 MP: 3/3
  1477 | D:2      | Reached skill level 8 in Stealth
  1477 | D:2      | Reached XP level 4. HP: 26/26 MP: 4/4
  1832 | D:2      | Found a faded altar of an unknown god.
  2357 | D:3      | Noticed Ijyb
  2361 | D:3      | Killed Ijyb
  2612 | D:3      | Reached skill level 9 in Stealth
  2612 | D:3      | Reached XP level 5. HP: 29/30 MP: 5/5
  2905 | D:4      | Noticed a phantom
  2906 | D:4      | Found a sand-covered staircase.
  2937 | D:4      | HP: 1/30 [phantom (6)]
  2974 | D:4      | Noticed a phantom
  3761 | D:4      | Found a staircase to the Ecumenical Temple.
  3770 | Temple   | Entered the Ecumenical Temple
  3857 | Temple   | Became a worshipper of Dithmenos the Shadowed
  4123 | D:4      | Reached skill level 1 in Armour
  4235 | D:4      | Killed a phantom
  4236 | D:4      | Reached XP level 6. HP: 35/35 MP: 6/6
  4343 | D:4      | Identified the +1 ring mail "Hohiusch" {rElec MP+9 SInv
                  | Stlth+}
  4432 | D:4      | Found a bloodstained altar of Trog.
  4432 | D:4      | Found a burning altar of Makhleb.
  4521 | D:5      | Entered Level 5 of the Dungeon
  4584 | D:5      | Reached skill level 10 in Stealth
  5037 | D:5      | Reached XP level 7. HP: 35/40 MP: 7/7
  5081 | D:5      | Identified the +1 ring mail of Broken Taboos {rN+ Int+8
                  | Dex-5}
  5168 | D:5      | Reached * piety under Dithmenos
  5736 | D:5      | Shot with an arrow by a centaur

Illustrated notes

Levels and vault maps discovered:
D:1:      psy_arrival_heroes, layout_basic
D:2:      layout_loops_ring, dilly_ecumenical_altar_fadedgnrine
D:3:      layout_basic, uniq_ijyb
D:4:      layout_cave_pools, grunt_temple_overflow_open,
          minmay_temple_entry_hall, enter_ossuary_1, due_unseen_surprise
D:5:      layout_basic, amcnicky_mini_rare_corridor_liquid,
          amcnicky_mini_pool_small
Temple:   regret_index_temple_mists

Skill      XL: |  1  2  3  4  5  6  7 |
---------------+----------------------+-----
Stealth        | 6 7 8 9 10 | 10.4
Fighting       | 2 |  2.5
Armour         | 1 2 |  2.0
Short Blades   | 3 4 |  4.5
Throwing       | 2 |  2.4
Dodging        | 2 |  2.1

Action                   |  1- 3 |  4- 6 |  7- 9 || total
-------------------------+-------+-------+-------++-------
Melee: Dagger            |    64 |    25 |       ||    89
       Bite              |     2 |    11 |     7 ||    20
       Short sword       |       |   116 |    80 ||   196
Throw: Dart              |       |    26 |    11 ||    37
 Abil: Exsanguinate      |     1 |       |       ||     1
       End Transformatio |       |     1 |       ||     1
       Bat Form          |       |     1 |       ||     1
  Use: Scroll            |       |     4 |     1 ||     5
 Stab: Sleeping          |    23 |    20 |     3 ||    46
Armor: Robe              |    11 |       |       ||    11
       Leather armour    |       |    21 |       ||    21
       Ring mail         |       |     9 |    16 ||    25
Dodge: Dodged            |    31 |    57 |    18 ||   106
